 Dungeon Crawl Stone Soup version 0.27-a0-1188-g73eefd5def (webtiles) character file.

Game seed: 6848901400975494626

2483 pmoppi the Skirmisher (level 9, -8/49 HPs)
             Began as a Vine Stalker Monk on May 20, 2021.
             Mangled by a gnoll sergeant
             ... wielding a +0 spear
              (11 damage)
             ... on level 7 of the Dungeon.
             The game lasted 00:08:32 (5204 turns).

pmoppi the Skirmisher (Vine Stalker Monk)           Turns: 5204, Time: 00:08:32

Health: -8/49      AC:  5    Str: 17    XL:     9   Next: 52%
Magic:  0/10       EV: 14    Int: 10    God:
Gold:   373        SH:  0    Dex: 17    Spells: 8/8 levels left

rFire    . . .     SeeInvis .   s - +11 plutonium sword {Contam Stlth-}
rCold    . . .     Faith    .   (shield currently unavailable)
rNeg     . . .     Spirit   +   D - +0 steam dragon scales
rPois    +         Reflect  .   (no helmet)
rElec    .         Harm     .   (no cloak)
rCorr    .         Rampage  .   (no gloves)
Will     ++...                  (no boots)
Stlth    +.........             (no amulet)
HPRegen  1.16/turn              m - ring of willpower
MPRegen  0.12/turn              d - ring of poison resistance

@: no status effects
A: fangs 3, regeneration 1, magic shield, antimagic bite, no potion heal 2
a: no special abilities


You were on level 7 of the Dungeon.
You visited 1 branch of the dungeon, and saw 7 of its levels.

You collected 373 gold pieces.

Inventory:

Hand Weapons
 a - a +0 spear
 s - the +11 plutonium sword (weapon) {Contam Stlth-}
   (You took it off Robin on level 4 of the Dungeon)

   It causes magical contamination when unequipped.
   It makes you less stealthy.
Missiles
 e - 55 poisoned darts (quivered)
Armour
 c - a +0 leather armour
 u - a +0 scale mail
 D - +0 steam dragon scales (worn)
Jewellery
 d - a ring of poison resistance (right hand)
 m - a ring of willpower (left hand)
 v - an amulet of regeneration
Wands
 r - a wand of flame (17)
 x - a wand of charming (4)
Scrolls
 b - 5 scrolls of teleportation {unknown}
 h - 3 scrolls of enchant weapon {unknown}
 i - 3 scrolls of enchant armour {unknown}
 k - a scroll of immolation {unknown}
 n - 2 scrolls of fear {unknown}
 p - 2 scrolls of silence {unknown}
 q - a scroll of vulnerability {unknown}
 t - 2 scrolls of fog {unknown}
 w - 2 scrolls of identify {unknown}
 y - 2 scrolls of blinking {unknown}
 A - a scroll of amnesia {unknown}
 B - 2 scrolls of magic mapping {unknown}
Potions
 f - a potion of resistance {unknown}
 g - a potion of cancellation {unknown}
 j - 5 potions of curing {unknown}
 l - a potion of ambrosia {unknown}
 o - a potion of attraction {unknown}
 z - 2 potions of lignification {unknown}
 C - 2 potions of heal wounds {unknown}


   Skills:
 + Level 6.4 Fighting
 * Level 6.1 Long Blades
 - Level 5.9 Polearms
 + Level 2.4 Armour
 - Level 5.0 Dodging
 - Level 2.4 Stealth


You had 8 spell levels left.
You didn't know any spells.
Your spell library contained the following spells:

 Spells                   Type           Power      Damage    Failure   Level
 Magic Dart               Conj           0%         1d3       36%         1
 Blink                    Tloc           N/A        N/A       50%         2
 Call Imp                 Summ           0%         N/A       50%         2
 Slow                     Hex            0%         N/A       50%         2
 Conjure Flame            Conj/Fire      0%         6-21      75%         3
 Mephitic Cloud           Conj/Pois/Air  0%         N/A       75%         3


Dungeon Overview and Level Annotations

Branches:
Dungeon (7/15)
 Temple: D:4-7

Altars:
The Shining One

Shops:
D:2 [   D:4 (


Innate Abilities, Weirdness & Mutations

You have razor-sharp teeth.
Your natural rate of healing is unusually fast.
When hurt, damage is shared between your health and your magic reserves.
Your bite disrupts and absorbs the magic of your enemies.
Potions cannot restore your health.


Message History

You are too injured to fight recklessly!
Unknown command.
You are too injured to fight recklessly!
The gnoll sergeant blocks your attack.
You bite the gnoll sergeant. You drain its power.
You feel invigorated.
The gnoll sergeant is heavily wounded.
The centaur unwields a +0 shortbow.
The centaur completely misses you.
You riposte.
You slash the centaur! You bite the centaur. You drain its power.
You feel invigorated.
The centaur is heavily wounded.
The centaur kicks you but does no damage.
The gnoll hits you with a +0 club. The gnoll barely misses you.
You riposte.
You hit the gnoll.
Mutagenic energy flows through the plutonium sword!
The gnoll's body twists and writhes.
The gnoll twists and deforms.
You bite the gnoll. You drain its power.
You feel invigorated.
The gnoll is almost dead.
The gnoll hits you but does no damage.
The gnoll sergeant hits you with a +0 spear!
* * * LOW HITPOINT WARNING * * *
The centaur hits you.
* * * LOW HITPOINT WARNING * * *
The centaur kicks you but does no damage.
The gnoll barely misses you.
You slice the gnoll!!
You kill the gnoll!
The centaur closely misses you.
The centaur kicks you but does no damage.
The gnoll hits you from afar with a +0 spear.
* * * LOW HITPOINT WARNING * * *
The gnoll sergeant barely misses you. The gnoll hits you with a +0 club.
* * * LOW HITPOINT WARNING * * *
The centaur hits you.
* * * LOW HITPOINT WARNING * * *
The centaur kicks you.
* * * LOW HITPOINT WARNING * * *
The gnoll hits you from afar with a +0 spear.
* * * LOW HITPOINT WARNING * * *
The gnoll sergeant hits you with a +0 spear!
You die...

....##.≈≈≈≈≈≈.
....#..≈≈≈≈≈.
...#.≈≈.≈.≈.
...=≈≈≈.≈≈.
##....P.≈.P. ..
#....g.P..#
...#...)g..####
#......@g......
#......gc######
#.........####
.............##
.........#....#
........##...###
...............#
##....#..##.........###
. .....###
#..........##


You could see a gnoll sergeant, a centaur and 3 gnolls.

Vanquished Creatures
  Grinder (D:3)
  A steam dragon (D:6)
  An orc warrior (D:6)
  3 sky beasts (D:6)
  Duvessa (D:4)
  A black bear (D:5)
  2 necrophages (D:4)
  2 ogres
  A phantom (D:5)
  A bullfrog (D:6)
  6 scorpions
  A wyvern skeleton (D:6)
  Dowan (D:4)
  2 centaur zombies
  2 jellies
  4 orc priests
  A bullfrog skeleton (D:6)
  Ijyb (D:5)
  An iguana (D:4)
  4 orc wizards
  A howler monkey zombie (D:6)
  Robin (D:4)
  2 gnolls (D:7)
  6 adders
  2 white imps
  2 worms
  4 dart slugs
  11 orcs
  10 ball pythons
  7 bats
  7 endoplasms
  8 giant cockroaches
  17 goblins
  12 hobgoblins
  6 jackals
  18 kobolds
  3 quokkas
  3 frilled lizards
  10 rats
167 creatures vanquished.

Vanquished Creatures (others)
  4 fungi (D:4)
  A plant (D:7)
5 creatures vanquished.

Grand Total: 172 creatures vanquished

Notes
Turn   | Place    | Note
-------+----------+-------------------------------------------
     0 | D:1      | pmoppi the Vine Stalker Monk began the quest for the Orb.
     0 | D:1      | Reached XP level 1. HP: 11/11 MP: 2/2
    31 | D:1      | Reached XP level 2. HP: 15/16 MP: 3/3
   585 | D:1      | Reached XP level 3. HP: 9/20 MP: 1/4
  1496 | D:2      | Found Reurchi's Antique Armour Shoppe.
  1589 | D:2      | Gained mutation: Your natural rate of healing is unusually
                  | fast. [Vine Stalker growth]
  1589 | D:2      | Reached XP level 4. HP: 24/24 MP: 5/5
  1944 | D:3      | Noticed Grinder
  1989 | D:3      | Paralysed by Grinder for 3 turns
  1995 | D:3      | Killed Grinder
  1996 | D:3      | Reached XP level 5. HP: 26/29 MP: 4/6
  1996 | D:3      | Reached XP level 6. HP: 30/33 MP: 4/7
  2733 | D:4      | Reached skill level 5 in Polearms
  2913 | D:4      | Found Bohachog's Antique Weapon Boutique.
  3038 | D:4      | Reached XP level 7. HP: 16/37 MP: 3/8
  3326 | D:4      | Noticed Robin
  3362 | D:4      | Killed Robin
  3467 | D:4      | Reached skill level 1 in Long Blades
  3493 | D:4      | Gained mutation: You have razor-sharp teeth. [Vine Stalker
                  | growth]
  3493 | D:4      | Reached XP level 8. HP: 42/42 MP: 9/9
  3523 | D:4      | Reached skill level 5 in Fighting
  3623 | D:4      | Noticed Dowan
  3625 | D:4      | Noticed Duvessa
  3628 | D:4      | Killed Dowan
  3630 | D:4      | Killed Duvessa
  3727 | D:5      | Entered Level 5 of the Dungeon
  4114 | D:5      | Reached skill level 5 in Dodging
  4199 | D:5      | Noticed Ijyb
  4205 | D:5      | Killed Ijyb
  4594 | D:6      | Found a glowing golden altar of the Shining One.
  4597 | D:6      | Reached XP level 9. HP: 46/48 MP: 8/10
  4636 | D:6      | Reached skill level 1 in Armour
  4671 | D:6      | Reached skill level 5 in Long Blades
  5204 | D:7      | Mangled by a gnoll sergeant

Illustrated notes

Levels and vault maps discovered:
D:1:      dpeg_arrival_arbitrary_c, layout_basic, minmay_pentomino_v4
D:2:      layout_rooms, serial_shops, nicolae_shop_trees,
          chequers_serial_rivers_large_a
D:3:      layout_basic, serial_glass, glass_columns_b, glass_columns_a,
          glass_columns_c, glass_columns_a, st_stairs_10, nrook_uturn,
          hex_large, kennysheep_generic_room_6, uniq_grinder
D:4:      old_forge, layout_rooms, serial_shops, shop, kennysheep_small_circle,
          uniq_duvessa, uniq_robin
D:5:      layout_gridville, kennysheep_generic_room_15, uniq_ijyb
D:6:      layout_gridville, lemuel_crystal_altar
D:7:      layout_cave_pools, minmay_temple_entry_statues_pillars,
          serial_bayou_pond_b

Skill      XL: |  1  2  3  4  5  6  7  8  9 |
---------------+----------------------------+-----
Polearms       | 3 4 5 |  5.9
Fighting       | 3 4 5 6 |  6.4
Dodging        | 3 4 5 |  5.0
Long Blades    | 1 4 6 |  6.1
Armour         | 2 |  2.4
Stealth        | |  2.4

Action                   |  1- 3 |  4- 6 |  7- 9 || total
-------------------------+-------+-------+-------++-------
Melee: Spear             |   150 |   234 |   108 ||   492
       Bite              |    30 |    71 |    57 ||   158
       Triple sword      |       |       |    97 ||    97
 Stab: Distracted        |     1 |       |       ||     1
       Sleeping          |     3 |     7 |       ||    10
Armor: Robe              |     1 |       |       ||     1
       Leather armour    |    22 |    34 |    24 ||    80
       Scale mail        |       |       |    19 ||    19
       Steam dragon scal |       |       |     8 ||     8
Dodge: Dodged            |    68 |   105 |   149 ||   322
       Rpst.: Triple sword |       |       |    25 ||    25

Table legend: (Time is in decaauts)
 A = Elapsed time spent in this place.
 B = Non-inter-level travel time spent in this place.
 C = Inter-level travel time spent in this place.
 D = Time resting spent in this place.
 E = Time spent auto-exploring this place.
 F = Levels seen in this place.
 G = Mean time per level.
                   A        B        C        D        E       F      G
               +--------+--------+--------+--------+--------+-----+--------+
         Total |   5221 |   5001 |    220 |    749 |   3139 |   7 |  745.9 |
       Dungeon |   5221 |   5001 |    220 |    749 |   3139 |   7 |  745.9 |
               +--------+--------+--------+--------+--------+-----+--------+

Top non-repeatable levels by time:
     D:1: 1105 daAuts
     D:4: 967 daAuts
     D:3: 866 daAuts
     D:2: 810 daAuts
     D:5: 799 daAuts
     D:6: 551 daAuts
     D:7: 119 daAuts
